 Dungeon Crawl Stone Soup version 0.31-a0-523-g071a6c1ffa (webtiles) character file.

Game seed: 296147037321183897

705 arthad the Trooper (level 7, -1/45 HPs)
             Began as a Gargoyle Fighter on Aug 11, 2023.
             Slain by a gnoll
             ... wielding a +0 club
             ... led by a gnoll bouda
              (4 damage)
             ... on level 5 of the Dungeon.
             The game lasted 00:04:21 (3373 turns).

arthad the Trooper (Gargoyle Fighter)               Turns: 3373, Time: 00:04:21

Health: -1/45      AC: 13    Str: 21    XL:     7   Next: 67%
Magic:  7/7        EV:  9    Int:  9    God:
Gold:   253        SH:  4    Dex:  9    Spells: 6/6 levels left

rFire   . . .        a - +0 war axe
rCold   . . .        c - +0 buckler
rNeg    + . .        b - +0 scale mail
rPois   ∞            (no helmet)
rElec   +            (no cloak)
rCorr   .            r - +0 pair of gloves
SInv    .            (no boots)
Will    .....        (no amulet) Stlth
                     e - +4 ring of slaying
HPRegen 0.27/turn    (no ring)
MPRegen 0.10/turn

%: no passive effects
@: mighty
A: sickness immunity, AC +4, negative energy resistance 1, electricity
resistance, torment resistance 1, petrification resistance
a: no special abilities


You were on level 5 of the Dungeon.
You visited 1 branch of the dungeon, and saw 5 of its levels.

You collected 253 gold pieces.

Inventory:

Hand Weapons
 a - a +0 war axe (weapon)
Missiles
 w - 5 javelins
Armour
 b - a +0 scale mail (worn)
 c - a +0 buckler (worn)
 r - a +0 pair of gloves (worn)
Jewellery
 e - a +4 ring of slaying (left hand)
 k - a ring of protection from cold
Wands
 u - a wand of paralysis (7)
 x - a wand of mindburst (3)
Scrolls
 f - 2 scrolls of teleportation {unknown}
 h - 2 scrolls of poison {unknown}
 i - a scroll of fear {unknown}
 j - a scroll of blinking {unknown}
 l - a scroll of brand weapon {unknown}
 n - a scroll of noise {unknown}
 q - 3 scrolls of identify {unknown}
 s - a scroll of acquirement {unknown}
 v - a scroll of enchant weapon {unknown}
Potions
 g - 2 potions of brilliance {unknown}
 m - 3 potions of curing
 o - a potion of haste {unknown}
 p - 2 potions of berserk rage {unknown}
 t - a potion of lignification {unknown}
 z - a potion of cancellation {unknown}
 A - a potion of mutation {unknown}


   Skills:
 * Level 5.7 Fighting
 * Level 4.3 Axes
 * Level 5.7 Armour
 + Level 4.8 Shields


You had 6 spell levels left.
You didn't know any spells.
Your spell library contained the following spells:

 Spells                   Type           Power      Damage    Failure   Level
 Sting                    Tmut/Pois      0%         1d3       77%         1
 Poisonous Vapours        Pois/Air       0%         N/A       88%         2
 Ozocubu's Armour         Ice            0%         N/A       98%         3
 Olgreb's Toxic Radiance  Pois           0%         N/A       100%        4
 Metabolic Englaciation   Hex/Ice        0%         N/A       100%        5
 Simulacrum               Ice/Necr       0%         N/A       100%        6


Dungeon Overview and Level Annotations

Branches:
Dungeon (5/15)
 Temple: D:4-7

Altars:
Dithmenos
Fedhas
Hepliaklqana
Trog
Vehumet
Wu Jian

Shops:
D:1 [   D:2 [


Innate Abilities, Weirdness & Mutations

You are immune to sickness and miasma.
Your stone body is resilient. (AC +4)
You are immune to poison.
You resist negative energy. (rN+)
You are resistant to electric shocks. (rElec)
You are resistant to unholy torment.
You are immune to petrification.


Message History

The gnoll closely misses you.
The gnoll hits you from afar with a +0 halberd!
* * * LOW HITPOINT WARNING * * *
You hit the gnoll.
You kill the gnoll!
The gnoll closely misses you.
You barely miss the gnoll. You block the gnoll's attack.
The gnoll barely misses you. The gnoll closely misses you.
You closely miss the gnoll.
Your attacks no longer feel as feeble.
The gnoll hits you but does no damage. x2; The gnoll barely misses you.
The gnoll hits you but does no damage. The gnoll closely misses you.
The gnoll hits you but does no damage.
You slash the gnoll!
The gnoll is almost dead.
The gnoll closely misses you. The gnoll barely misses you.
The gnoll closely misses you.
You slash the gnoll!
You kill the gnoll!
You block the gnoll's attack. The gnoll barely misses you.
The gnoll closely misses you.
You slash the gnoll!
The gnoll is almost dead.
You block the gnoll's attack. The gnoll hits you with a +0 halberd.
* * * LOW HITPOINT WARNING * * *
The gnoll hits you but does no damage.
You slash the gnoll!
You kill the gnoll!
The gnoll is no longer moving quickly.
The gnoll misses you.
You slice the worm!!
You kill the worm!
You block the gnoll's attack. You block the gnoll's attack.
You completely miss the gnoll. The gnoll hits you with a +0 spear.
* * * LOW HITPOINT WARNING * * *
The gnoll barely misses you.
You slash the gnoll!
You kill the gnoll!
The gnoll is no longer moving quickly.
The gnoll hits you with a +0 club.
You die...

....# # .. ....## . #.
..#... ##. #. .##..#
..##. .#.... .. ....
...... ....#..# # ......
#..###)## ... #..##
####...#..###.....
##.####.........@g......
##.#.#..........###.....
#...............## ...
#..##............# .
.................####
....................#
........##....##...##
......######.......#
.......# #.......#


You could see a gnoll.

Vanquished Creatures
  Duvessa (D:5)
  A phantom (D:5)
  2 scorpions
  Dowan (D:5)
  A hound (D:5)
  A gnoll bouda (D:5)
  2 sleepcaps (D:5)
  Ijyb (D:4)
  An iguana (D:4)
  2 orc wizards
  4 gnolls (D:5)
  3 adders
  A worm (D:5)
  3 dart slugs
  12 orcs
  4 bats (D:1)
  11 endoplasms
  A giant cockroach (D:2)
  4 goblins
  7 hobgoblins
  4 jackals (D:1)
  4 quokkas
  7 ball pythons
  6 frilled lizards
  5 kobolds
  4 rats
93 creatures vanquished.

Notes
Turn   | Place    | Note
-------+----------+-------------------------------------------
     0 | D:1      | arthad the Gargoyle Fighter began the quest for the Orb.
     0 | D:1      | Reached XP level 1. HP: 14/14 MP: 1/1
   300 | D:1      | Reached XP level 2. HP: 19/19 MP: 2/2
   474 | D:1      | Reached XP level 3. HP: 12/24 MP: 3/3
   521 | D:1      | Found Cisyic's Armour Shoppe.
  1083 | D:2      | Found Kenapal's Antique Armour Shoppe.
  1675 | D:3      | Reached XP level 4. HP: 29/29 MP: 4/4
  1700 | D:3      | Found a hazy altar of Hepliaklqana.
  1725 | D:3      | Found a bloodstained altar of Trog.
  2168 | D:4      | Found a blossoming altar of Fedhas.
  2304 | D:4      | Found a shadowy altar of Dithmenos.
  2376 | D:4      | Found a radiant altar of Vehumet.
  2490 | D:4      | Noticed a scorpion
  2499 | D:4      | Killed a scorpion
  2500 | D:4      | Reached XP level 5. HP: 29/34 MP: 5/5
  2878 | D:4      | Noticed Ijyb
  2881 | D:4      | Killed Ijyb
  2882 | D:4      | Reached XP level 6. HP: 39/39 MP: 6/6
  3055 | D:4      | Found an ornate altar of the Wu Jian Council.
  3158 | D:5      | Entered Level 5 of the Dungeon
  3212 | D:5      | Reached skill level 5 in Armour
  3213 | D:5      | Reached skill level 5 in Fighting
  3220 | D:5      | Reached XP level 7. HP: 35/44 MP: 7/7
  3345 | D:5      | Noticed Duvessa
  3346 | D:5      | Noticed Dowan
  3353 | D:5      | Killed Duvessa
  3356 | D:5      | Killed Dowan
  3357 | D:5      | HP: 2/44 [gnoll/+0 halberd[a gnoll bouda] (13)]
  3373 | D:5      | Slain by a gnoll

Illustrated notes

Levels and vault maps discovered:
D:1:      dpeg_arrival_chambers_temple_mockup, layout_loops_cross, serial_shops,
          shop
D:2:      layout_basic, serial_shops, nicolae_square_shop,
          minmay_goblin_kobold_house
D:3:      layout_rooms, mainiacjoe_overflow_concentric_impassable,
          nicolae_overflow_crystal_walls, corexii_leaking_fountain,
          dk_vineyard_1
D:4:      minmay_angry_zag, layout_layer_cave, fedhas_altar_4,
          nzn_wu_jian_council_hall, fiery_altar_vehumet,
          nicolae_dithmenos_shadow_blocks, dreamdust_wishing_well, minivault_23,
          uniq_ijyb
D:5:      layout_cave_pools, minmay_temple_entry_hall, uniq_duvessa

Skill      XL: |  1  2  3  4  5  6  7 |
---------------+----------------------+-----
Axes           | 2 3 4 |  4.3
Fighting       | 4 5 |  5.7
Armour         | 4 5 |  5.7
Shields        | 4 |  4.8

Action                     |  1- 3 |  4- 6 |  7- 9 || total
---------------------------+-------+-------+-------++-------
  Melee: War axe           |   112 |    86 |    28 ||   226
    Use: Potion            |       |       |     5 ||     5
 Armour: Scale mail        |    70 |    64 |    17 ||   151
  Dodge: Dodged            |    73 |    35 |    32 ||   140
  Block: Buckler           |    23 |    13 |    13 ||    49

Table legend: (Time is in decaauts)
 A = Elapsed time spent in this place.
 B = Non-inter-level travel time spent in this place.
 C = Inter-level travel time spent in this place.
 D = Time resting spent in this place.
 E = Time spent auto-exploring this place.
 F = Levels seen in this place.
 G = Mean time per level.
                   A        B        C        D        E       F      G
               +--------+--------+--------+--------+--------+-----+--------+
         Total |   3461 |   3360 |    101 |      0 |   2788 |   5 |  692.2 |
       Dungeon |   3461 |   3360 |    101 |      0 |   2788 |   5 |  692.2 |
               +--------+--------+--------+--------+--------+-----+--------+

Top non-repeatable levels by time:
     D:4: 1047 daAuts
     D:1: 965 daAuts
     D:2: 652 daAuts
     D:3: 563 daAuts
     D:5: 232 daAuts
